 Dungeon Crawl Stone Soup version 0.31.0-9-g3a7656b989 (webtiles) character file.

Game seed: 8038723368568859921

5613 qw the Skirmisher (level 10, -3/49 HPs)
             Began as a Spriggan Hunter on Feb 2, 2024.
             Was a Follower of Okawaru.
             Slain by an orc priest
             ... wielding a +0 falchion
              (6 damage)
             ... on level 9 of the Dungeon.
             The game lasted 00:00:58 (8612 turns).

qw the Skirmisher (Spriggan Hunter)                 Turns: 8612, Time: 00:00:58

Health: -3/49      AC: 10    Str: 13    XL:     10   Next: 45%
Magic:  13/13      EV: 25    Int: 10    God:    Okawaru [*.....]
Gold:   526        SH:  0    Dex: 24    Spells: 9/9 levels left

rFire   + . .        b - +0 orcbow
rCold   . . .        (shield currently unavailable)
rNeg    . . .        p - +1 swamp dragon scales
rPois   +            (helmet restricted)
rElec   .            h - +1 cloak
rCorr   .            (gloves unavailable)
SInv    +            (boots unavailable)
Will    +....        (no amulet)
Stlth   ++           l - +6 ring of strength
HPRegen 0.28/turn    n - ring of protection from fire
MPRegen 0.13/turn

%: no passive effects
@: about to teleport, very quick
A: very small, no large weapons, unfitting armour, see invisible, speed 3,
hooves 1, mutation resistance 1
a: Renounce Religion, Heroism


You were on level 9 of the Dungeon.
You worshipped Okawaru.
Okawaru was aware of your devotion.
You visited 2 branches of the dungeon, and saw 10 of its levels.

You collected 526 gold pieces.


Innate Abilities, Weirdness & Mutations

You are very small and have problems with some larger weapons.
You are too small for most types of armour.
You have supernaturally acute eyesight. (SInv)
You cover ground extremely quickly. (Speed+++)
You have large cloven feet.
You are somewhat resistant to further mutation.


   Skills:
 + Level 4.1 Fighting
 - Level 12.0 Ranged Weapons
 - Level 2.1 Armour
 - Level 11.2 Dodging
 - Level 1.5 Stealth
 + Level 3.7 Invocations


You had 9 spell levels left.
You didn't know any spells.
Your spell library was empty.

Inventory:

Hand Weapons
 b - a +0 orcbow (weapon)
Armour
 h - a +1 cloak (worn)
 p - +1 swamp dragon scales (worn)
Jewellery
 d - a ring of fire
 l - a +6 ring of strength (left hand)
 m - a ring of positive energy
 n - a ring of protection from fire (right hand)
Wands
 r - a wand of iceblast (8)
Scrolls
 o - 2 scrolls of teleportation
Potions
 e - a potion of resistance
 f - 3 potions of curing
 g - a potion of might {unknown}
 i - a potion of mutation
 j - a potion of enlightenment
 k - a potion of magic {unknown}
 q - a potion of invisibility {unknown}

Dungeon Overview and Level Annotations

Branches:
Dungeon (9/15)             Temple (1/1) D:6
   Lair: D:8-11         Orc: D:9-12

Altars:
Ashenzari
Cheibriados
Dithmenos
Elyvilon
Gozag
Hepliaklqana
Kikubaaqudgha
Makhleb
Okawaru
Qazlal
Ru
Sif Muna
Trog
Uskayaw
Vehumet
Wu Jian
Xom
Yredelemnul
Zin
The Shining One

Annotations:
D:4 1 runed translucent door, Crazy Yiuf
D:8 3 runed translucent doors, qw's ghost, novice DjHu


Message History

The orc warrior is heavily wounded.
The orc warrior hits you but does no damage.
You shoot an arrow. The arrow hits the orc!
You kill the orc!
The orc warrior misses you.
You shoot an arrow.
The arrow closely misses the orc warrior.
The orc warrior shoots a bolt.
The bolt hits you! The orc warrior completely misses you.
An orc comes into view. It is wielding a +0 club.
An orc wizard comes into view. It is wielding a +0 dagger.
The orc warrior shoots a bolt.
The bolt completely misses you.
You shoot an arrow. The arrow hits the orc.
The orc is almost dead.
The orc completely misses you. The orc warrior misses you.
You shoot an arrow. The arrow hits the orc!
You kill the orc!
Okawaru accepts your kill. The orc priest closely misses you.
The orc warrior barely misses you.
The orc warrior unwields a +0 arbalest.
The orc warrior wields a +0 war axe.
The orc warrior hits you with a +0 war axe!
You shoot an arrow.
The arrow closely misses the orc warrior.
The orc priest misses you. The orc warrior closely misses you.
The orc completely misses you.
You shoot an arrow.
The arrow hits the orc warrior but does no damage.
The orc warrior closely misses you. The orc priest misses you.
The orc warrior misses you. The orc completely misses you.
You shoot an arrow. The arrow hits the orc warrior.
The orc warrior is lightly wounded.
The orc warrior completely misses you.
The orc priest mumbles some strange prayers to Beogh against you.
Beogh smites you! The orc warrior completely misses you.
8612 ||| READING 3 scrolls of teleportation.
As you read the scroll of teleportation, it crumbles to dust.
You feel strangely unstable. The orc warrior closely misses you.
The orc priest hits you with a +0 falchion.
You die...

## #8# #... #)...
######oo...
##############.....)....
........)>......o)..#.
#########.......@o..#
#########o### o# .. ...
..## ... ...


You could see 2 orc warriors, an orc priest, an orc wizard and 2 orcs.

Vanquished Creatures
  Maggie (D:7)
  Grinder (D:4)
  5 yaks (D:9)
  2 steam dragons
  Edmund (D:4)
  2 water moccasins
  3 ice beasts
  4 black bears
  2 orc warriors
  2 sky beasts (D:7)
  2 centaurs (D:8)
  A gnoll sergeant (D:7)
  6 bullfrogs
  4 scorpions
  10 wights
  4 killer bees (D:8)
  5 howler monkeys
  3 jellies
  4 hounds
  8 orc priests
  3 bombardier beetles
  A sleepcap (D:6)
  2 iguanas
  7 orc wizards
  8 gnolls
  11 adders
  A shadow imp (D:6)
  2 dart slugs
  2 ribbon worms
  29 orcs
  6 endoplasms
  2 giant cockroaches (D:1)
  6 goblins
  10 hobgoblins
  7 jackals
  7 kobolds
  3 quokkas
  9 ball pythons
  7 bats
  10 frilled lizards
  7 rats
210 creatures vanquished.

Notes
Turn   | Place    | Note
-------+----------+-------------------------------------------
     0 | D:1      | qw the Spriggan Hunter began the quest for the Orb.
     0 | D:1      | Reached XP level 1. HP: 10/10 MP: 2/2
     0 | D:1      | 0 ||| qw: Version: 0.3-a-155-g5e7d8dd
     0 | D:1      | 0 ||| qw: Game counter: 1542
     0 | D:1      | 0 ||| qw: Melee chars always use a shield: true
     0 | D:1      | 0 ||| qw: God list: Okawaru
     0 | D:1      | 0 ||| qw: Allow faded altars: false
     0 | D:1      | 0 ||| qw: Do Orc after clearing Dungeon:15 true
     0 | D:1      | 0 ||| qw: Do second Lair branch before Depths: true
     0 | D:1      | 0 ||| qw: Lair rune preference: random
     0 | D:1      | 0 ||| qw: Goals: Normal
     0 | D:1      | 0 ||| PLANNING D:1-11
    46 | D:1      | Reached skill level 3 in Dodging
   224 | D:1      | Found a faded altar of an unknown god.
   244 | D:1      | Reached XP level 2. HP: 14/14 MP: 3/3
  1015 | D:1      | 1015 ||| UPGRADING to +6 ring of strength.
  1016 | D:1      | 1016 ||| READING scroll labelled ICVANY JIORPHEU.
  1017 | D:1      | 1017 ||| READING scroll labelled WITHRE LIYSENI.
  1017 | D:1      | 1017 ||| IDENTIFYING amethyst potion
  1018 | D:1      | 1018 ||| READING scroll labelled UFISIP EMEUN.
  1119 | D:1      | 1119 ||| READING scroll labelled VULLEB XOTIR.
  1123 | D:1      | 1123 ||| DROPPING scroll of butterflies.
  1152 | D:2      | Reached XP level 3. HP: 18/18 MP: 4/4
  1383 | D:2      | Reached skill level 5 in Ranged Weapons
  1383 | D:2      | Reached XP level 4. HP: 22/22 MP: 5/5
  2129 | D:2      | 2129 ||| READING scroll of identify.
  2129 | D:2      | 2129 ||| IDENTIFYING fizzy brown potion
  2130 | D:2      | 2130 ||| READING 2 scrolls labelled JERIRA ZEMYRCHUDIO.
  2131 | D:2      | 2131 ||| READING scroll labelled GUXANI CEZEOH.
  2132 | D:2      | 2132 ||| READING scroll labelled ROEKHLI SOACLE.
  2133 | D:2      | 2133 ||| DROPPING potion of lignification.
  2134 | D:2      | 2134 ||| DROPPING scroll of fog.
  2302 | D:3      | 2302 ||| READING scroll labelled ROG SIL XOORA.
  2303 | D:3      | 2303 ||| DRINKING 2 orange potions.
  2584 | D:3      | Reached XP level 5. HP: 26/26 MP: 6/6
  2609 | D:3      | 2609 ||| FLEEEEING.
  2610 | D:3      | 2610 ||| FLEEEEING.
  2611 | D:3      | 2611 ||| FLEEEEING.
  2612 | D:3      | 2612 ||| FLEEEEING.
  2613 | D:3      | 2613 ||| FLEEEEING.
  2614 | D:3      | 2614 ||| FLEEEEING.
  2615 | D:3      | 2615 ||| FLEEEEING.
  2616 | D:3      | 2616 ||| FLEEEEING.
  2618 | D:3      | 2618 ||| FLEEEEING.
  2619 | D:3      | 2619 ||| FLEEEEING.
  2621 | D:3      | 2621 ||| FLEEEEING.
  2626 | D:3      | 2626 ||| FLEEEEING.
  2627 | D:3      | 2627 ||| FLEEEEING.
  2629 | D:3      | 2629 ||| FLEEEEING.
  2630 | D:3      | 2630 ||| FLEEEEING.
  2631 | D:3      | 2631 ||| FLEEEEING.
  2632 | D:3      | 2632 ||| FLEEEEING.
  2633 | D:3      | 2633 ||| FLEEEEING.
  2634 | D:3      | 2634 ||| FLEEEEING.
  2635 | D:3      | 2635 ||| FLEEEEING.
  2636 | D:3      | 2636 ||| FLEEEEING.
  2640 | D:3      | 2640 ||| FLEEEEING.
  2641 | D:3      | 2641 ||| FLEEEEING.
  2642 | D:3      | 2642 ||| FLEEEEING.
  2643 | D:3      | 2643 ||| FLEEEEING.
  2644 | D:3      | 2644 ||| FLEEEEING.
  2645 | D:3      | 2645 ||| STAIRDANCE
  2661 | D:3      | 2661 ||| STAIRDANCE
  3037 | D:3      | Reached skill level 6 in Ranged Weapons
  3124 | D:3      | 3124 ||| UPGRADING to +1 cloak.
  3129 | D:3      | 3129 ||| UPGRADING to ring of protection from fire.
  3130 | D:3      | 3130 ||| READING scroll of identify.
  3130 | D:3      | 3130 ||| IDENTIFYING purple potion
  3131 | D:3      | 3131 ||| READING scroll labelled NEANLU DOTI.
  3132 | D:3      | 3132 ||| READING scroll labelled ARUSUNACIK.
  3132 | D:3      | 3132 ||| BRANDING +0 shortbow.
  3133 | D:3      | 3133 ||| DROPPING potion of ambrosia.
  3135 | D:3      | 3135 ||| Stepping ~*~*~tactically~*~*~ (cloud).
  3143 | D:3      | HP: 6/26 [poisoned by you (poison gas)]
  3285 | D:4      | Reached XP level 6. HP: 30/30 MP: 7/7
  3328 | D:3      | 3328 ||| Stepping randomly (stuck).
  3329 | D:3      | 3329 ||| Stepping randomly (stuck).
  3330 | D:3      | 3330 ||| Stepping randomly (stuck).
  3331 | D:3      | 3331 ||| Stepping randomly (stuck).
  3332 | D:3      | 3332 ||| Stepping randomly (stuck).
  3333 | D:3      | 3333 ||| Stepping randomly (stuck).
  3334 | D:3      | 3334 ||| Stepping randomly (stuck).
  3335 | D:3      | 3335 ||| Stepping randomly (stuck).
  3336 | D:3      | 3336 ||| Stepping randomly (stuck).
  3337 | D:3      | 3337 ||| Stepping randomly (stuck).
  3338 | D:3      | 3338 ||| Stepping randomly (stuck).
  3339 | D:3      | 3339 ||| Stepping randomly (stuck).
  3340 | D:3      | 3340 ||| Stepping randomly (stuck).
  3341 | D:3      | 3341 ||| Stepping randomly (stuck).
  3342 | D:3      | 3342 ||| Stepping randomly (stuck).
  3343 | D:3      | 3343 ||| Stepping randomly (stuck).
  3344 | D:3      | 3344 ||| Stepping randomly (stuck).
  3345 | D:3      | 3345 ||| Stepping randomly (stuck).
  3346 | D:3      | 3346 ||| Stepping randomly (stuck).
  3347 | D:3      | 3347 ||| Stepping randomly (stuck).
  3348 | D:3      | 3348 ||| Stepping randomly (stuck).
  3349 | D:3      | 3349 ||| Stepping randomly (stuck).
  3350 | D:3      | 3350 ||| Stepping randomly (stuck).
  3351 | D:3      | 3351 ||| Stepping randomly (stuck).
  3352 | D:3      | 3352 ||| Stepping randomly (stuck).
  3353 | D:3      | 3353 ||| Stepping randomly (stuck).
  3354 | D:3      | 3354 ||| Stepping randomly (stuck).
  3355 | D:3      | 3355 ||| Stepping randomly (stuck).
  3356 | D:3      | 3356 ||| Stepping randomly (stuck).
  3357 | D:3      | 3357 ||| Stepping randomly (stuck).
  3358 | D:3      | 3358 ||| Stepping randomly (stuck).
  3359 | D:3      | 3359 ||| Stepping randomly (stuck).
  3360 | D:3      | 3360 ||| Stepping randomly (stuck).
  3361 | D:3      | 3361 ||| Stepping randomly (stuck).
  3362 | D:3      | 3362 ||| Stepping randomly (stuck).
  3363 | D:3      | 3363 ||| Stepping randomly (stuck).
  3364 | D:3      | 3364 ||| Stepping randomly (stuck).
  3365 | D:3      | 3365 ||| Stepping randomly (stuck).
  3366 | D:3      | 3366 ||| Stepping randomly (stuck).
  3367 | D:3      | 3367 ||| Stepping randomly (stuck).
  3368 | D:3      | 3368 ||| Stepping randomly (stuck).
  3369 | D:3      | 3369 ||| Stepping randomly (stuck).
  3370 | D:3      | 3370 ||| Stepping randomly (stuck).
  3371 | D:3      | 3371 ||| Stepping randomly (stuck).
  3372 | D:3      | 3372 ||| Stepping randomly (stuck).
  3373 | D:3      | 3373 ||| Stepping randomly (stuck).
  3374 | D:3      | 3374 ||| Stepping randomly (stuck).
  3375 | D:3      | 3375 ||| Stepping randomly (stuck).
  3376 | D:3      | 3376 ||| Stepping randomly (stuck).
  3377 | D:3      | 3377 ||| Stepping randomly (stuck).
  3378 | D:3      | 3378 ||| Stepping randomly (stuck).
  3379 | D:3      | 3379 ||| READING scroll of teleportation.
  3444 | D:4      | Noticed Grinder
  3445 | D:4      | 3445 ||| DRINKING potion of haste.
  3457 | D:4      | Killed Grinder
  3503 | D:4      | Reached XP level 7. HP: 35/35 MP: 8/8
  3988 | D:4      | 3988 ||| RETREEEEATING.
  3989 | D:4      | 3989 ||| RETREEEEATING.
  3990 | D:4      | 3990 ||| RETREEEEATING.
  3992 | D:4      | Reached skill level 7 in Ranged Weapons
  4070 | D:4      | Noticed Edmund
  4081 | D:4      | Killed Edmund
  4082 | D:4      | Reached skill level 8 in Ranged Weapons
  4243 | D:4      | Reached XP level 8. HP: 39/39 MP: 9/9
  4522 | D:4      | Found a runed translucent door.
  4523 | D:4      | Noticed Crazy Yiuf
  4656 | D:4      | Found an opulent altar of Gozag.
  4656 | D:4      | Found a sacrificial altar of Ru.
  4693 | D:4      | 4693 ||| READING scroll of identify.
  4693 | D:4      | 4693 ||| IDENTIFYING metallic orange potion
  4694 | D:4      | 4694 ||| DRINKING 2 fuming green potions.
  4695 | D:4      | 4695 ||| DRINKING 2 fuming emerald potions.
  4695 | D:4      | Gained mutation: You have large cloven feet. [potion of
                  | mutation]
  4695 | D:4      | Gained mutation: You are somewhat resistant to further
                  | mutation. [potion of mutation]
  4696 | D:4      | 4696 ||| DROPPING potion of attraction.
  4742 | D:5      | Entered Level 5 of the Dungeon
  4813 | D:5      | Found an ancient bone altar of Kikubaaqudgha.
  4924 | D:5      | Reached skill level 3 in Fighting
  5188 | D:5      | HP: 8/40 [scorpion (3)]
  5189 | D:5      | 5189 ||| READING 2 scrolls of teleportation.
  5190 | D:5      | 5190 ||| DRINKING potion of heal wounds.
  5316 | D:5      | Reached skill level 9 in Ranged Weapons
  5448 | D:5      | Reached skill level 9 in Dodging
  5677 | D:5      | 5677 ||| READING 2 scrolls of identify.
  5677 | D:5      | 5677 ||| IDENTIFYING sedimented silvery potion
  5678 | D:5      | 5678 ||| READING scroll of identify.
  5678 | D:5      | 5678 ||| IDENTIFYING glowing amethyst potion
  5733 | D:6      | 5733 ||| FLEEEEING.
  5734 | D:6      | 5734 ||| FLEEEEING.
  5735 | D:6      | 5735 ||| FLEEEEING.
  5736 | D:6      | 5736 ||| FLEEEEING.
  5737 | D:6      | 5737 ||| FLEEEEING.
  5738 | D:6      | 5738 ||| FLEEEEING.
  5741 | D:6      | 5741 ||| FLEEEEING.
  5742 | D:6      | 5742 ||| FLEEEEING.
  5743 | D:6      | 5743 ||| FLEEEEING.
  5744 | D:6      | 5744 ||| FLEEEEING.
  5745 | D:6      | 5745 ||| STAIRDANCE
  5998 | D:6      | Found a burning altar of Makhleb.
  6090 | D:6      | Reached skill level 10 in Ranged Weapons
  6090 | D:6      | Reached XP level 9. HP: 31/44 MP: 10/10
  6161 | D:6      | Found a staircase to the Ecumenical Temple.
  6162 | D:6      | 6162 ||| PLANNING TEMPLE
  6245 | D:6      | Identified the +1 leather armour of Laximuwo {Str+4}
  6541 | D:6      | 6541 ||| UPGRADING to +0 steam dragon scales.
  6551 | D:6      | 6551 ||| DROPPING +0 robe.
  6563 | D:7      | 6563 ||| STAIRDANCE
  6588 | D:7      | Reached skill level 1 in Armour
  6647 | D:7      | Found a shadowy altar of Dithmenos.
  6648 | D:7      | Found a hazy altar of Hepliaklqana.
  6675 | D:7      | 6675 ||| RETREEEEATING.
  6680 | D:7      | 6680 ||| RETREEEEATING.
  6804 | D:7      | Noticed Maggie
  6818 | D:7      | Killed Maggie
  6889 | D:7      | 6889 ||| RETREEEEATING.
  6963 | D:7      | 6963 ||| UPGRADING to +0 swamp dragon scales.
  6973 | D:7      | 6973 ||| DROPPING +0 steam dragon scales.
  6974 | D:7      | 6974 ||| READING scroll labelled UJALOLONYO.
  6974 | D:7      | 6974 ||| ENCHANTING +0 swamp dragon scales.
  6975 | D:7      | 6975 ||| READING scroll labelled ZEJOCWOXYU.
  7090 | Temple   | Entered the Ecumenical Temple
  7091 | Temple   | 7091 ||| PLANNING OKAWARU WORSHIP
  7105 | Temple   | Became a worshipper of Warmaster Okawaru
  7106 | Temple   | 7106 ||| PLANNING D:1-11
  7241 | D:7      | Found a white marble altar of Elyvilon.
  7317 | D:7      | Found an ornate altar of the Wu Jian Council.
  7340 | D:7      | Reached skill level 11 in Ranged Weapons
  7513 | D:7      | 7513 ||| READING scroll of brand weapon.
  7513 | D:7      | 7513 ||| BRANDING +0 shortbow of electrocution.
  7518 | D:7      | Found a shimmering altar of Xom.
  7526 | D:7      | Found a broken altar of Ashenzari.
  7559 | D:8      | 7559 ||| STAIRDANCE
  7618 | D:8      | 7618 ||| SWAPPING to +0 orcbow.
  7622 | D:8      | Reached XP level 10. HP: 42/49 MP: 11/11
  7674 | D:8      | 7674 ||| DROPPING +0 shortbow of draining.
  7686 | D:8      | Reached * piety under Okawaru
  7687 | D:8      | Found a runed translucent gate.
  7690 | D:8      | Found a runed translucent gate.
  7691 | D:8      | Found a runed translucent gate.
  7691 | D:8      | Noticed a two-headed ogre
  7691 | D:8      | Noticed a centaur warrior
  7692 | D:8      | Found an opulent altar of Gozag.
  7692 | D:8      | Noticed qw's ghost (novice DjHu)
  7738 | D:8      | Reached skill level 1 in Invocations
  8023 | D:8      | Found a glowing golden altar of the Shining One.
  8485 | D:8      | 8485 ||| READING scroll of identify.
  8485 | D:8      | 8485 ||| IDENTIFYING dark potion
  8486 | D:8      | 8486 ||| DROPPING potion of degeneration.
  8532 | D:9      | 8532 ||| RETREEEEATING.
  8533 | D:9      | 8533 ||| RETREEEEATING.
  8534 | D:9      | 8534 ||| RETREEEEATING.
  8536 | D:9      | 8536 ||| RETREEEEATING.
  8538 | D:9      | 8538 ||| RETREEEEATING.
  8539 | D:9      | 8539 ||| RETREEEEATING.
  8541 | D:9      | 8541 ||| RETREEEEATING.
  8542 | D:9      | 8542 ||| RETREEEEATING.
  8548 | D:9      | 8548 ||| INVOKING Heroism.
  8558 | D:9      | Reached skill level 3 in Invocations
  8571 | D:9      | Reached skill level 12 in Ranged Weapons
  8611 | D:9      | HP: 3/49 [orc priest/divine providence (11)]
  8612 | D:9      | 8612 ||| READING 3 scrolls of teleportation.
  8612 | D:9      | Slain by an orc priest

Levels and vault maps discovered:
D:1:      minmay_arrival_stair_chambers, layout_basic, basic_ecumenical_altar,
          corner_web_ring
D:2:      layout_loops_corners
D:3:      kennysheep_six_static_rooms, layout_rooms
D:4:      layout_layer_cave, gammafunk_temple_overflow_statue, uniq_grinder,
          uniq_crazy_yiuf_cottage, uniq_edmund
D:5:      layout_loops_corners, nicolae_kikubaaqudgha_miasma_corner,
          serial_bayou_lake_a
D:6:      layout_basic, mainiacjoe_overflow_brackets,
          minmay_temple_entry_from_below_a
D:7:      layout_rooms, riverfiend_overflow_shadow_ancestor,
          amcnicky_altar_gilded, nzn_wu_jian_contemplation,
          mainiacjoe_overflow_big_doors, uniq_maggie
D:8:      layout_basic, old_standard_altar, ebering_ghost_gozag
D:9:      minmay_imperfect_grid, layout_rooms,
          mainiacjoe_overflow_small_starburst, lair_entry_dummy, david_orc_4,
          onia_ninara_dug_in_and_dangerous
Temple:   compressed_dpeg_triangle_lava_temple

Skill      XL: |  1  2  3  4  5  6  7  8  9 10 |
---------------+-------------------------------+-----
Dodging        | 3 4 5 7 8 9 11 | 11.2
Ranged Weapons | 5 6 8 10 11 12 | 12.0
Fighting       | 2 3 4 |  4.1
Armour         | 2 |  2.1
Invocations    | 3 |  3.7
Stealth        | |  1.5

Action                     |  1- 3 |  4- 6 |  7- 9 | 10-12 || total
---------------------------+-------+-------+-------+-------++-------
   Fire: Shortbow          |    74 |   185 |   363 |       ||   622
         Orcbow            |       |       |     3 |   153 ||   156
 Invoke: Heroism           |       |       |       |     1 ||     1
    Use: Scroll            |     4 |     9 |     7 |     2 ||    22
         Potion            |       |     2 |     3 |       ||     5
 Armour: Robe              |     9 |    16 |    24 |       ||    49
         Swamp dragon scal |       |       |    14 |    22 ||    36
         Steam dragon scal |       |       |    13 |       ||    13
  Dodge: Dodged            |    23 |    84 |   177 |   101 ||   385

Table legend:
 A = Non-vault XP
 B = Vault XP
 C = Vault XP percentage of total XP
 D = Non-vault monster count
 E = Vault monster count
 F = Vault count percentage of total count
                 A         B        C        D         E       F
            +---------+---------+-------+---------+---------+-------
      Total |    6855 |    1164 |  14.5 |     190 |      20 |   9.5
            +---------+---------+-------+---------+---------+-------
        D:1 |      39 |       0 |   0.0 |      25 |       0 |   0.0
        D:2 |     116 |       0 |   0.0 |      23 |       0 |   0.0
        D:3 |     143 |      56 |  28.1 |      24 |       6 |  20.0
        D:4 |     753 |     452 |  37.5 |      28 |       2 |   6.7
        D:5 |     689 |       0 |   0.0 |      16 |       0 |   0.0
        D:6 |    1054 |       0 |   0.0 |      22 |       0 |   0.0
        D:7 |    1558 |     395 |  20.2 |      24 |       1 |   4.0
        D:8 |    1497 |       0 |   0.0 |      23 |       0 |   0.0
        D:9 |    1006 |     261 |  20.6 |       5 |      11 |  68.8
            +---------+---------+-------+---------+---------+-------
